 Dungeon Crawl Stone Soup version 0.20.1-1-g8b1a95d (webtiles) character file.

424 dohliylev the Covert (level 6, -1/41 HPs)
             Began as a Vampire Enchanter on July 11, 2017.
             Shot with an arrow by a centaur (14 damage)
             ... on level 5 of the Dungeon.
             The game lasted 00:14:50 (3945 turns).

dohliylev the Covert (Vampire Enchanter)            Turns: 3945, Time: 00:14:51

Health: -1/41      AC:  6    Str:  7    XL:     6   Next: 64%
Magic:  5/9        EV: 13    Int: 20    God:
Gold:   234        SH:  0    Dex: 14    Spells: 3/9 levels left

rFire    + . .     SeeInvis +   j - +0 dagger (freeze)
rCold    + + .     Gourm    .   (no shield)
rNeg     + + .     Faith    .   x - +2 robe {rC+}
rPois    +         Spirit   .   (no helmet)
rElec    .         Reflect  .   v - +0 cloak
rCorr    .         Harm     +   (no gloves)
MR       .....                  w - +0 pair of boots
Stlth    +++++.....             t - amulet of harm
Regen    0.1/turn               o - ring of protection from fire
MPRegen  0.2/turn               (no ring)

@: regenerating slowly
A: fangs 3, see invisible, unbreathing
a: Bat Form


You were on level 5 of the Dungeon.
You were thirsty.

You visited 1 branch of the dungeon, and saw 5 of its levels.

You collected 234 gold pieces.

Inventory:

Hand Weapons
 j - a +0 dagger of freezing (weapon)
Armour
 v - a +0 cloak (worn)
 w - a +0 pair of boots (worn)
 x - a +2 robe of cold resistance (worn)
Jewellery
 m - an uncursed amulet of rage {unknown}
 o - a ring of protection from fire (left hand)
 t - an amulet of harm (around neck)
Scrolls
 a - 2 scrolls of teleportation {unknown}
 e - 3 scrolls of amnesia {unknown}
 g - 4 scrolls of identify {unknown}
 k - 2 scrolls of remove curse {unknown}
 l - a scroll of fog {unknown}
 n - a scroll of immolation {unknown}
 p - 2 scrolls of recharging {unknown}
 y - a scroll of enchant armour {unknown}
Potions
 b - 2 potions of invisibility {unknown}
 d - 15 potions of blood
 f - a potion of brilliance {unknown}
 h - a potion of ambrosia {unknown}
 i - a potion of haste {unknown}
 q - a potion of cancellation {unknown}
 r - 2 potions of berserk rage {unknown}
 s - 2 potions of flight {unknown}
Books
 c - a book of Maledictions

   Spells                             Type                      Level
   a - Corona                         Hexes                        1
   b - Ensorcelled Hibernation        Hexes/Ice                    2
   c - Confuse                        Hexes                        3
   d - Tukima's Dance                 Hexes                        3
   e - Dazzling Spray                 Conjuration/Hexes            3
 u - Sif Muna's Compendium of Flames
   (You found it on level 3 of the Dungeon)

   Spells                             Type                      Level
   a - Flame Tongue                   Conjuration/Fire             1


   Skills:
 * Level 3.4 Short Blades
 + Level 0.8 Armour
 + Level 2.5 Dodging
 + Level 8.8 Stealth
 + Level 2.3 Spellcasting
 + Level 5.1 Hexes
 + Level 2.0 Ice Magic


You had 3 spell levels left.
You knew the following spells:

 Your Spells              Type           Power        Failure   Level  Hunger
a - Corona                Hex            ###....      1%          1    #......
b - Ensorcelled Hibernat  Hex/Ice        ###...       5%          2    ##.....
c - Confuse               Hex            ###.....     5%          3    ###....


Dungeon Overview and Level Annotations

Branches:
Dungeon (5/15)
 Temple: D:4-7

Altars:
Sif Muna
Trog


Innate Abilities, Weirdness & Mutations

You heal slowly.
You have razor-sharp teeth.
You have supernaturally acute eyesight. (SInv)
You can survive without breathing.


Message History

You see here 2 arrows.
The centaur shoots an arrow.
The arrow hits you!
You see here an arrow.
Casting: Confuse
Confirm with . or Enter, or press ? or * to list all spells.
Aiming: Ensorcelled Hibernation
Press: ? - help, Shift-Dir - straight line, f - centaur
Aim: a centaur, wielding a shortbow (chance to defeat MR: 47%)
The centaur resists with some effort.
The centaur shoots an arrow.
The arrow misses you.
An ogre comes into view. It is wielding a giant club.
Casting: Ensorcelled Hibernation
Confirm with . or Enter, or press ? or * to list all spells.
Aiming: Ensorcelled Hibernation
Press: ? - help, Shift-Dir - straight line, f/p - centaur
Aim: a centaur, wielding a shortbow (chance to defeat MR: 47%)
The centaur resists with some effort.
The ogre shouts!
The centaur shoots an arrow.
The arrow hits you!
You die...

. O. ... .c#
##...#
########...#
#..<.((@.#
#....########
##.. #. #


You could see an ogre and a centaur.

Vanquished Creatures
  An ogre (D:4)
  A hound (D:4)
  Crazy Yiuf (D:3)
  2 orc wizards (D:3)
  A bullfrog skeleton (D:4)
  Jessica (D:3)
  An iguana (D:3)
  A worker ant (D:4)
  3 adders (D:2)
  6 worms
  2 dart slugs
  3 leopard geckos
  An orc (D:2)
  3 giant cockroaches
  7 goblins
  9 hobgoblins
  6 jackals (D:4)
  3 kobolds
  3 quokkas
  2 ball pythons
  11 bats
  6 frilled lizards
  A leopard gecko skeleton (D:4)
  9 rats
84 creatures vanquished.

Notes
Turn   | Place    | Note
-------+----------+-------------------------------------------
     0 | D:1      | dohliylev the Vampire Enchanter began the quest for the Orb.
     0 | D:1      | Reached XP level 1. HP: 13/13 MP: 3/3
   238 | D:1      | Reached skill level 5 in Stealth
   238 | D:1      | Reached XP level 2. HP: 15/19 MP: 5/5
   253 | D:1      | Learned a level 2 spell: Ensorcelled Hibernation
  1061 | D:2      | Found a bloodstained altar of Trog.
  1069 | D:2      | Reached XP level 3. HP: 24/24 MP: 6/6
  1280 | D:2      | Reached skill level 6 in Stealth
  1898 | D:2      | Reached XP level 4. HP: 30/30 MP: 4/7
  2138 | D:3      | Noticed Jessica
  2205 | D:3      | Killed Jessica
  2205 | D:3      | Reached skill level 7 in Stealth
  2409 | D:3      | Found a deep blue altar of Sif Muna.
  2423 | D:3      | Reached XP level 5. HP: 27/35 MP: 3/8
  2526 | D:3      | Identified Sif Muna's Compendium of Flames
  2621 | D:3      | Reached skill level 8 in Stealth
  2621 | D:3      | Reached skill level 1 in Ice Magic
  2664 | D:3      | Found a runed door.
  3015 | D:3      | Noticed Crazy Yiuf
  3019 | D:3      | Killed Crazy Yiuf
  3103 | D:4      | Reached XP level 6. HP: 41/41 MP: 4/9
  3198 | D:4      | Reached skill level 5 in Hexes
  3357 | D:4      | Learned a level 3 spell: Confuse
  3752 | D:4      | Noticed a moth of wrath
  3754 | D:4      | Found a bloodstained altar of Trog.
  3939 | D:5      | Entered Level 5 of the Dungeon
  3945 | D:5      | Shot with an arrow by a centaur

Skill      XL: |  1  2  3  4  5  6 |
---------------+-------------------+-----
Stealth        | 5 6 7 8 |  8.8
Short Blades   | 2 3 |  3.4
Ice Magic      | 1 2 |  2.0
Hexes          | 5 |  5.1
Armour         | |  0.8
Dodging        | |  2.5
Spellcasting   | |  2.3

Action                   |  1- 3 |  4- 6 || total
-------------------------+-------+-------++-------
Melee: Dagger            |   119 |   103 ||   222
       Bite              |     7 |     4 ||    11
 Cast: Ensorcelled Hiber |    19 |    29 ||    48
       Confuse           |       |     3 ||     3
 Abil: End Transformatio |       |     2 ||     2
       Bat Form          |       |     2 ||     2
 Stab: Sleeping          |    20 |    28 ||    48
       Distracted        |       |     1 ||     1
       Confused          |       |     3 ||     3
  Eat: Corpse            |    10 |     4 ||    14
Armor: Robe              |     4 |     1 ||     5
       Leather armour    |    29 |    19 ||    48
Dodge: Dodged            |    68 |    45 ||   113
